 Dungeon Crawl Stone Soup version 0.20.0 (webtiles) character file.

182 aesoa the Skirmisher (level 5, 0/41 HPs)
             Began as an Octopode Monk on June 11, 2017.
             Slain by an elf zombie (3 damage)
             ... in an ossuary.
             The game lasted 00:07:38 (2067 turns).

aesoa the Skirmisher (Octopode Monk)                Turns: 2067, Time: 00:07:39

Health: 0/41       AC:  1    Str: 10    XL:     5   Next: 61%
Magic:  5/5        EV: 25    Int: 12    God:
Gold:   160        SH:  0    Dex: 25    Spells: 4/4 levels left

rFire    . . .     SeeInvis .   a - +0 falchion
rCold    . . .     Gourm    +   (no shield)
rNeg     . . .     Faith    .   (helmet restricted)
rPois    .         Spirit   .   e - amulet of the gourmand
rElec    .         Reflect  .   l - ring of flight
rCorr    .         Harm     .   n - +5 ring of evasion
MR       .....                  p - +4 ring of dexterity
Stlth    +++++.....             (no ring)
Regen    0.2/turn               (no ring)
MPRegen  0.1/turn               (no ring)
                                (no ring)
                                (no ring)

@: agile
A: almost no armour, stealthy swim, amphibious, 8 rings, constrict 8, camouflage
1, gelatinous body 1
a: Evoke Flight


You were in an ossuary.
You were completely stuffed.

You visited 1 branch of the dungeon, and saw 4 of its levels.
You also visited: Ossuary.

You collected 160 gold pieces.

Inventory:

Hand Weapons
 a - a +0 falchion (weapon)
Jewellery
 e - an amulet of the gourmand (around mantle)
 l - a ring of flight (left tentacle)
 n - a +5 ring of evasion (right tentacle)
 p - a +4 ring of dexterity (on tentacle)
Scrolls
 d - a scroll of recharging
 m - 2 scrolls of teleportation
Comestibles
 b - 2 bread rations
 c - a meat ration
 f - 2 royal jellies
 g - 2 chunks of flesh
 j - 2 fruits


   Skills:
 + Level 6.1 Fighting
 - Level 3.0 Long Blades
 - Level 3.0 Dodging
 - Level 2.6 Stealth


You had 4 spell levels left.
You didn't know any spells.

Dungeon Overview and Level Annotations

Branches:
Dungeon (4/15)
 Temple: D:4-7

Altars:
Ashenzari
Nemelex Xobeh
Uskayaw
Vehumet


Innate Abilities, Weirdness & Mutations

You cannot wear most types of armour.
You are very stealthy in the water. (Stealth+)
You are amphibious.
You can wear up to eight rings at the same time.
You can use your tentacles to constrict eight enemies at once.
Your skin changes colour to match your surroundings (Stealth+).
Your rubbery body absorbs attacks. (AC +1, EV +1)


Message History

The elf zombie hits you but does no damage.
The kobold zombie hits you but does no damage.
The elf zombie hits you but does no damage.
You closely miss the kobold zombie. The human zombie hits you.
* * * LOW HITPOINT WARNING * * *
The elf zombie hits you but does no damage.
The kobold zombie hits you but does no damage.
The elf zombie hits you.
* * * LOW HITPOINT WARNING * * *
You slash the kobold zombie!
The kobold zombie is almost destroyed.
You feel less wooden. The human zombie completely misses you.
The elf zombie completely misses you. The kobold zombie hits you.
* * * LOW HITPOINT WARNING * * *
The elf zombie completely misses you.
You aren't carrying any potions.
Okay, then.
The kobold zombie barely misses you. The elf zombie hits you.
You die...

####################
........∩∩.........#
...................#
..##############...#
..# #...# ..# #...#
..# #@Z.#
..#.....∩.# #.Z.#
..# ......# #ZZ.#
..# .....# #...# ..#
..ZM## #...# ..#
.... #...# ..# #ZM#
#...# ..# #..# #...#
..# #..# #...#


You could see a kobold zombie, 2 elf zombies and a human zombie.

Vanquished Creatures
  A centaur zombie (Ossuary)
  2 mummies (Ossuary)
  2 adders (D:2)
  An ooze (D:3)
  2 worms (D:2)
  3 dart slugs
  3 leopard geckos
  An orc (D:3)
  4 giant cockroaches
  12 goblins
  10 hobgoblins
  4 jackals (D:2)
  3 kobolds
  A quokka (D:2)
  A ball python (D:4)
  7 bats
  4 frilled lizards
  6 hobgoblin zombies (Ossuary)
  10 kobold zombies (Ossuary)
  8 orc zombies (Ossuary)
  8 rats
93 creatures vanquished.

Notes
Turn   | Place    | Note
-------+----------+-------------------------------------------
     0 | D:1      | aesoa the Octopode Monk began the quest for the Orb.
     0 | D:1      | Reached XP level 1. HP: 16/16 MP: 1/1
    74 | D:1      | Found a sparkling altar of Nemelex Xobeh.
   196 | D:1      | Reached XP level 2. HP: 21/21 MP: 2/2
   419 | D:1      | Reached skill level 4 in Fighting
   472 | D:1      | Reached XP level 3. HP: 14/27 MP: 3/3
   850 | D:2      | Noticed a dagger
   850 | D:2      | Noticed a dagger
   851 | D:2      | Found a hide-covered altar of Uskayaw.
   960 | D:2      | Reached XP level 4. HP: 29/34 MP: 4/4
  1172 | D:3      | Reached skill level 5 in Fighting
  1453 | D:3      | Found a shattered altar of Ashenzari.
  1857 | D:4      | Found a radiant altar of Vehumet.
  1884 | D:4      | Found a sand-covered staircase.
  1889 | Ossuary  | Entered an ossuary
  1929 | Ossuary  | Reached XP level 5. HP: 39/39 MP: 5/5
  2039 | Ossuary  | Reached skill level 6 in Fighting
  2067 | Ossuary  | Slain by an elf zombie

Skill      XL: |  1  2  3  4  5 |
---------------+----------------+-----
Fighting       | 4 5 6 |  6.1
Long Blades    | |  3.0
Dodging        | |  3.0
Stealth        | |  2.6

Action                   |  1- 3 |  4- 6 || total
-------------------------+-------+-------++-------
Melee: Falchion          |    60 |   116 ||   176
       Constrict         |    19 |    35 ||    54
       Tentacles         |    16 |    28 ||    44
  Use: Scroll            |       |     9 ||     9
       Potion            |       |     4 ||     4
 Stab: Sleeping          |     9 |    11 ||    20
  Eat: Chunk             |     6 |     8 ||    14
Armor: Skin              |     1 |   104 ||   105
Dodge: Dodged            |    32 |    95 ||   127
       Rpst.: Falchion   |     7 |    23 ||    30
